 Dungeon Crawl Stone Soup version 0.27-a0-1202-ge72e49191c (webtiles) character file.

Game seed: 11122826812767749995

66 IdlyInterested the Ducker (level 3, 0/29 HPs)
             Began as a Demonspawn Monk on June 4, 2021.
             Slain by a black bear (2 damage)
             ... on level 3 of the Dungeon.
             The game lasted 00:03:47 (2437 turns).

IdlyInterested the Ducker (Demonspawn Monk)         Turns: 2437, Time: 00:03:48

Health: 0/29       AC: 11    Str: 12    XL:     3   Next: 96%
Magic:  3/3        EV: 11    Int: 11    God:
Gold:   66         SH:  0    Dex: 15    Spells: 2/2 levels left

rFire    . . .     SeeInvis .   a - +0 falchion
rCold    . . .     Faith    .   (no shield)
rNeg     . . .     Spirit   .   d - +0 ring mail
rPois    .         Reflect  .   (no helmet)
rElec    .         Harm     .   (no cloak)
rCorr    .         Rampage  .   (no gloves)
Will     .....                  (no boots)
Stlth    +.........             (no amulet)
HPRegen  0.09/turn              (no ring)
MPRegen  0.08/turn              (no ring)

@: sanguine armoured
A: sanguine armour 1
a: no special abilities


You were on level 3 of the Dungeon.
You visited 1 branch of the dungeon, and saw 3 of its levels.

You collected 66 gold pieces.

Inventory:

Hand Weapons
 a - a +0 falchion (weapon)
Missiles
 c - 51 stones (quivered)
Armour
 b - a +0 robe
 d - a +0 ring mail (worn)
 h - a +0 leather armour
Scrolls
 e - a scroll of magic mapping


   Skills:
 - Level 3.0 Fighting
 + Level 3.6 Long Blades
 * Level 3.7 Dodging
 - Level 1.7 Stealth


You had 2 spell levels left.
You didn't know any spells.
Your spell library contained the following spells:

 Spells                   Type           Power      Damage    Failure   Level
 Summon Small Mammal      Summ           0%         N/A       63%         1
 Call Imp                 Summ           0%         N/A       77%         2
 Call Canine Familiar     Summ           0%         N/A       94%         3
 Summon Guardian Golem    Hex/Summ       0%         N/A       94%         3
 Summon Ice Beast         Ice/Summ       0%         N/A       100%        4
 Summon Lightning Spire   Summ/Air       0%         N/A       100%        4


Dungeon Overview and Level Annotations

Branches:
Dungeon (3/15)

Altars:


Innate Abilities, Weirdness & Mutations

When seriously injured, your bleeding wounds create armour. (AC +6)


Message History

The kobold is moderately wounded.
The kobold hits you but does no damage.
You hit the kobold.
You kill the kobold!
The bat hits you but does no damage.
You closely miss the bat. The bat closely misses you.
You riposte.
You closely miss the bat. The bat closely misses you.
The bat hits you but does no damage.
You closely miss the bat. The bat closely misses you.
You hit the black bear but do no damage.
The black bear bites you! The black bear barely misses you.
The black bear closely misses you.
You slash the black bear!
The black bear is moderately wounded.
The black bear closely misses you. The black bear claws you.
Your blood congeals into armour.
The black bear barely misses you.
You hit the black bear.
The black bear is moderately wounded.
The black bear bites you.
The black bear claws you but does no damage.
The black bear claws you. The black bear closely misses you.
You riposte.
You barely miss the black bear.
The black bear is moderately wounded.
The black bear claws you. x2
* * * LOW HITPOINT WARNING * * *
You closely miss the black bear.
The black bear is moderately wounded.
The black bear bites you but does no damage.
The black bear claws you.
* * * LOW HITPOINT WARNING * * *
The black bear claws you.
* * * LOW HITPOINT WARNING * * *
You hit the black bear.
The black bear is heavily wounded.
The black bear misses you. The black bear barely misses you.
The black bear claws you but does no damage.
You hit the black bear.
The black bear is severely wounded.
The black bear bites you.
You die...

#. . .## ...
#.# #.# .# #.#
#.# #@# ..#
#h##.# #b..<#
##.#..#
#....##
#.##...###.≈⌠
#...<........≈
#.....<.......
#...........#.


You could see a black bear and a bat.

Vanquished Creatures
  An adder (D:2)
  A worm (D:2)
  4 giant cockroaches
  5 goblins
  A hobgoblin (D:1)
  15 jackals
  4 ball pythons
  5 bats
  5 frilled lizards
  5 kobolds
  2 rats
48 creatures vanquished.

Notes
Turn   | Place    | Note
-------+----------+-------------------------------------------
     0 | D:1      | IdlyInterested the Demonspawn Monk began the quest for the
                  | Orb.
     0 | D:1      | Reached XP level 1. HP: 18/18 MP: 1/1
   100 | D:1      | Gained mutation: When seriously injured, your bleeding
                  | wounds create armour. (AC +6) [demonic ancestry]
   100 | D:1      | Reached XP level 2. HP: 13/24 MP: 2/2
   682 | D:1      | Reached XP level 3. HP: 20/29 MP: 3/3
  1848 | D:2      | Found a faded altar of an unknown god.
  2416 | D:3      | Noticed a black bear
  2437 | D:3      | Slain by a black bear

Illustrated notes

Levels and vault maps discovered:
D:1:      minmay_arrival_jagged, layout_basic, kennysheep_small_spiral,
          minmay_hedge_maze, minmay_circled_x
D:2:      layout_loops_ring, shapermc_ecumenical_altar_venn
D:3:      minmay_skewed_foursquare, layout_loops_ring,
          overflow_temple_1_default, corexii_leaking_fountain,
          hangedman_decor_slide_cut, minmay_door_square,
          kennysheep_generic_room_11

Skill      XL: |  1  2 |
---------------+-------+-----
Dodging        | 3 |  3.7
Long Blades    | 3 |  3.6
Fighting       | |  3.0
Stealth        | |  1.7

Action                   || total
-------------------------++-------
Melee: Falchion          ||   167
  Use: Scroll            ||     4
       Potion            ||     2
 Stab: Sleeping          ||     3
       Invisible         ||     2
Armor: Robe              ||     8
       Ring mail         ||    68
Dodge: Dodged            ||   127
       Rpst.: Falchion   ||    34

Table legend: (Time is in decaauts)
 A = Elapsed time spent in this place.
 B = Non-inter-level travel time spent in this place.
 C = Inter-level travel time spent in this place.
 D = Time resting spent in this place.
 E = Time spent auto-exploring this place.
 F = Levels seen in this place.
 G = Mean time per level.
                   A        B        C        D        E       F      G
               +--------+--------+--------+--------+--------+-----+--------+
         Total |   2448 |   2411 |     37 |    654 |   1296 |   3 |  816.0 |
       Dungeon |   2448 |   2411 |     37 |    654 |   1296 |   3 |  816.0 |
               +--------+--------+--------+--------+--------+-----+--------+

Top non-repeatable levels by time:
     D:1: 1647 daAuts
     D:2: 778 daAuts
     D:3: 22 daAuts
